AoeStats
← 市委书记李达康

Nomad

509137473Analyzed
3v3 RM · 7d ago on Sep 25, 2026· 36m 36s· 6 players
Game mode
Random Map
Map size
210×210
Population
200
Speed
Normal
Resources
Standard
Victory
Conquest
Starting age
Dark Age
Ending age
Imperial Age
RankedLock teamsTeams togetherTeam positionsShared explorationLock speedFull tech treeHidden civsTurbo modeCheats
Victory
Defeat
🇺🇸 Varangians · United States
1154
+13
🇺🇸 Turks · United States
1127
+14
🇺🇸 Spanish · United States
1121
+15
🇨🇳 Huns · China
1154
-16
🇨🇳 Malay · China
1128
-16
🇭🇰 Vietnamese · Hong Kong SAR China
998
-16
HOCK
4:07 Loom
4:29 Loom
12:53 Feudal Age
13:33 Double-Bit Axe
13:45 Town Watch
19:24 Fletching
22:19 Castle Age
22:57 Bodkin Arrow
23:09 Horse Collar
23:41 Bow Saw
23:52 Scale Barding Armor
24:02 Bloodlines
23:53 Husbandry
23:56 Gold Mining
24:42 Medium Warships
24:52 Forging
32:15 Bodkin Arrow
37:10 Wheelbarrow
gp
10:55 Loom
16:13 Feudal Age
21:47 Castle Age
21:11 Bloodlines
21:05 Padded Archer Armor
26:20 Leather Archer Armor
26:09 Husbandry
Fart_master
6:13 Loom
15:03 Feudal Age
19:17 Castle Age
20:20 Double-Bit Axe
20:52 Horse Collar
24:54 Imperial Age
22:28 Padded Archer Armor
23:39 Leather Archer Armor
25:10 Town Watch
32:33 Ring Archer Armor
市委书记李达康
5:45 Loom
15:31 Feudal Age
17:28 Double-Bit Axe
17:26 Horse Collar
19:36 Fishing Lines
20:05 Gold Mining
22:22 Castle Age
21:14 Stone Mining
23:46 Wheelbarrow
23:34 Bloodlines
23:25 Husbandry
23:49 Bow Saw
24:34 Gillnets
25:52 Gold Shaft Mining
25:22 Heavy Plow
30:12 Imperial Age
27:44 Marauders
29:09 Hand Cart
29:31 Forging
29:26 Scale Barding Armor
31:21 Conscription
30:51 Light Cavalry
31:46 Town Watch
34:40 Two-Man Saw
33:37 Elite Tarkan
36:30 Chain Barding Armor
36:46 Iron Casting
寡妇杀手李天王
6:18 Loom
15:16 Feudal Age
21:08 Castle Age
20:19 Horse Collar
26:36 Fletching
省委高育良
7:26 Loom
14:04 Feudal Age
20:45 Castle Age
18:53 Stone Mining
19:10 Horse Collar
19:16 Fishing Lines
23:14 Gillnets
28:23 Horse Collar
29:37 Thalassocracy
30:55 Heavy Plow
Connection lost

Rejoining the realm…

Still unreachable

The connection could not be restored.

Session expired

The server has moved on; the page needs a fresh start.